 Dungeon Crawl Stone Soup version 0.31-a0-149-g3fdcc5976a (webtiles) character file.

Game seed: 14293893140335804989

40 qw the Shooter (level 3, -4/31 HPs)
             Began as a Minotaur Hunter on June 7, 2023.
             Slain by a gnoll
             ... wielding a +0 flail
              (5 damage)
             ... on level 2 of the Dungeon.
             The game lasted 00:00:25 (1137 turns).

qw the Shooter (Minotaur Hunter)                    Turns: 1137, Time: 00:00:26

Health: -4/31      AC:  3    Str: 15    XL:     3   Next: 30%
Magic:  2/2        EV: 12    Int:  6    God:
Gold:   63         SH:  0    Dex: 15    Spells: 2/2 levels left

rFire   . . .        Y - +0 shortbow
rCold   . . .        (shield currently unavailable)
rNeg    . . .        c - +0 leather armour
rPois   .            (helmet restricted)
rElec   .            (no cloak)
rCorr   +            (no gloves)
SInv    .            (no boots)
Will    .....        (no amulet)
Stlth   +            g - ring of resist corrosion
HPRegen 0.25/turn    (no ring)
MPRegen 0.08/turn

%: no passive effects
@: no status effects
A: horns 2, retaliatory headbutt
a: no special abilities


You were on level 2 of the Dungeon.
You visited 1 branch of the dungeon, and saw 2 of its levels.

You collected 63 gold pieces.


Innate Abilities, Weirdness & Mutations

You have a pair of horns on your head.
You reflexively headbutt those who attack you in melee.


   Skills:
 - Level 3.0 Fighting
 + Level 5.4 Ranged Weapons
 - Level 2.1 Dodging
 - Level 0.7 Stealth


You had 2 spell levels left.
You didn't know any spells.
Your spell library was empty.

Inventory:

Hand Weapons
 Y - a +0 shortbow (weapon)
Armour
 c - a +0 leather armour (worn)
Jewellery
 g - a ring of resist corrosion (left hand)
Potions
 a - a potion of lignification {unknown}
 b - a potion of mutation {unknown}
 d - a potion of haste {unknown}
 f - a potion of curing

Dungeon Overview and Level Annotations

Branches:
Dungeon (2/15)

Altars:
Zin


Message History

You shoot an arrow. The arrow hits the kobold.
You kill the kobold!
A gnoll comes into view. It is wielding a +0 club.
Enter note:
Enter note:
Enter note:
Enter note:
Enter note:
Enter note: You shoot an arrow.
The arrow barely misses the gnoll.
The gnoll shouts!
You hear a shout!
You shoot an arrow. The arrow barely misses the gnoll.
A gnoll comes into view. It is wielding a +0 flail.
You shoot an arrow. The arrow hits the gnoll.
The gnoll is heavily wounded.
You shoot an arrow. The arrow hits the gnoll!
You kill the gnoll!
A gnoll comes into view. It is wielding a +0 club.
You shoot an arrow.
The arrow hits the gnoll but does no damage.
You shoot an arrow. The arrow hits the gnoll.
The gnoll is heavily wounded.
You shoot an arrow. The arrow hits the gnoll.
The gnoll is heavily wounded.
You shoot an arrow.
The arrow hits the gnoll but does no damage.
The gnoll is heavily wounded.
You shoot an arrow. The arrow hits the gnoll.
The gnoll is severely wounded.
The gnoll hits you with a +0 flail. The gnoll hits you with a +0 flail!
You shoot an arrow. The arrow barely misses the gnoll.
The gnoll drinks a potion.
The gnoll seems to grow stronger.
The gnoll completely misses you.
You shoot an arrow. The arrow hits the gnoll.
The gnoll is severely wounded.
The gnoll hits you with a +0 club! The gnoll misses you.
You shoot an arrow. The arrow barely misses the gnoll.
The gnoll hits you with a +0 club! The gnoll hits you with a +0 flail.
You die...

#### #...
#.## #.#
###.## ######
#...#.
##....#
#.#.##
##)[.#.##
#.#.#
#8...g@.####
#.#.##
#..)..g.....#
###.#...
#...>.8.###.#
#........
........# #.#
#+#######
.#8....## #.#
# ..#...#
##.# # ...###
##..# ..
##..## #..##
###


You could see 2 gnolls.

Vanquished Creatures
  A gnoll (D:2)
  4 bats
  4 endoplasms
  3 goblins
  3 kobolds
  3 quokkas
  5 ball pythons
  3 frilled lizards
  5 rats
31 creatures vanquished.

Notes
Turn   | Place    | Note
-------+----------+-------------------------------------------
     0 | D:1      | qw the Minotaur Hunter began the quest for the Orb.
     0 | D:1      | Reached XP level 1. HP: 18/18 MP: 0/0
     0 | D:1      | 0 ||| qw: Version: 0.2-a-117-gc6b5c8b
     0 | D:1      | 0 ||| qw: Game counter: 2604
     0 | D:1      | 0 ||| qw: Always use a shield: true
     0 | D:1      | 0 ||| qw: God list: Okawaru
     0 | D:1      | 0 ||| qw: Allow faded altars: false
     0 | D:1      | 0 ||| qw: Do Orc after D:15 true
     0 | D:1      | 0 ||| qw: Do second Lair branch before Depths: true
     0 | D:1      | 0 ||| qw: Lair rune preference: random
     0 | D:1      | 0 ||| qw: Plans: Normal
     0 | D:1      | 0 ||| PLANNING D:1-11
   222 | D:1      | Reached XP level 2. HP: 25/25 MP: 1/1
   469 | D:1      | Reached skill level 5 in Ranged Weapons
   676 | D:1      | 676 ||| UPGRADING to ring of resist corrosion.
   677 | D:1      | 677 ||| READING scroll labelled POCITA ZYXIOZO.
   678 | D:1      | 678 ||| READING scroll labelled FOCZUI ZAJO.
   679 | D:1      | 679 ||| READING scroll labelled YQIHERH WAN YDA.
   680 | D:1      | 680 ||| DRINKING 2 pink potions.
   681 | D:1      | 681 ||| DROPPING scroll of butterflies.
   703 | D:2      | 703 ||| STAIRDANCE
   828 | D:2      | Reached skill level 3 in Fighting
   906 | D:2      | Found a glowing silver altar of Zin.
  1110 | D:2      | Reached XP level 3. HP: 28/31 MP: 2/2
  1137 | D:2      | HP: 1/31 [gnoll/+0 club (9)]
  1137 | D:2      | Slain by a gnoll

Levels and vault maps discovered:
D:1:      arrival_zaba_pyramid, layout_basic
D:2:      layout_rooms, basic_altar, chequers_avenue, st_stairs_6,
          chequers_serial_rivers_room_a, chequers_jeans, serial_park_tiny_2,
          grunt_ministairs_1

Skill      XL: |  1  2 |
---------------+-------+-----
Ranged Weapons | 5 |  5.4
Fighting       | 3 |  3.0
Dodging        | |  2.1
Stealth        | |  0.7

Action                     || total
---------------------------++-------
   Fire: Shortbow          ||    89
    Use: Scroll            ||     3
         Potion            ||     1
 Armour: Leather armour    ||     8
  Dodge: Dodged            ||    20

Table legend:
 A = Non-vault XP
 B = Vault XP
 C = Vault XP percentage of total XP
 D = Non-vault monster count
 E = Vault monster count
 F = Vault count percentage of total count
                 A         B        C        D         E       F
            +---------+---------+-------+---------+---------+-------
      Total |      53 |       5 |   8.6 |      28 |       3 |   9.7
            +---------+---------+-------+---------+---------+-------
        D:1 |      23 |       0 |   0.0 |      17 |       0 |   0.0
        D:2 |      30 |       5 |  14.3 |      11 |       3 |  21.4
            +---------+---------+-------+---------+---------+-------
